 Dungeon Crawl Stone Soup version 0.27-a0-1105-g946c659c87 (webtiles) character file.

Game seed: 1272896765365459072

320 DogServant the Skirmisher (level 6, 0/54 HPs)
             Began as a Palentonga Abyssal Knight on Apr 30, 2021.
             Was a Believer of Lugonu.
             Slain by a killer bee (6 damage)
             ... on level 4 of the Dungeon.
             The game lasted 00:09:06 (2467 turns).

DogServant the Skirmisher (PaAK)                    Turns: 2467, Time: 00:09:07

Health: 0/54       AC:  7    Str: 17    XL:     6   Next: 22%
Magic:  8/8        EV:  7    Int: 12    God:    Lugonu [**....]
Gold:   86         SH:  0    Dex: 10    Spells: 5/5 levels left

rFire    . . .     SeeInvis +   a - +1 mace
rCold    . . .     Faith    .   (no shield)
rNeg     + . .     Spirit   .   q - +1 scale mail {rN+}
rPois    +         Reflect  .   (no helmet)
rElec    .         Harm     .   (no cloak)
rCorr    .         Rampage  .   (no gloves)
Will     .....                  (no barding)
Stlth    ..........             c - amulet of regeneration
HPRegen  1.18/turn              f - ring of poison resistance
MPRegen  0.11/turn              (no ring)

@: very slightly contaminated, invisible
A: large, rugged brown scales 3, see invisible, deformed body, roll 1, armoured
tail
a: Rolling Charge, Renounce Religion, Depart the Abyss, Bend Space


You were on level 4 of the Dungeon.
You worshipped Lugonu.
Lugonu was pleased with you.
You visited 1 branch of the dungeon, and saw 4 of its levels.
You visited the Abyss 1 time.

You collected 126 gold pieces.
You spent 40 gold pieces at shops.

Inventory:

Hand Weapons
 a - a +1 mace (weapon)
 e - a +0 morningstar
Armour
 b - a +0 leather armour
 d - a +0 ring mail
 q - a +1 scale mail of positive energy (worn)
Jewellery
 c - an amulet of regeneration (around neck)
 f - a ring of poison resistance (left hand)
 r - a ring of wizardry
Scrolls
 g - a scroll of fog {unknown}
 h - a scroll of fear {unknown}
 j - 2 scrolls of identify {unknown}
 m - a scroll of teleportation {unknown}
 n - 3 scrolls of amnesia {unknown}
 o - a scroll of blinking {unknown}
Potions
 k - a potion of attraction {unknown}
 l - a potion of mutation {unknown}


   Skills:
 + Level 5.2 Fighting
 + Level 4.4 Maces & Flails
 - Level 1.6 Armour
 - Level 0.7 Dodging
 - Level 3.1 Invocations


You had 5 spell levels left.
You didn't know any spells.
Your spell library contained the following spells:

 Spells                   Type           Power      Damage    Failure   Level
 Stone Arrow              Conj/Erth      0%         3d7       98%         3
 Irradiate                Conj/Tmut      0%         3d14      100%        5
 Iskenderun's Battlesphe  Conj           0%         2d6       100%        5
 Spellforged Servitor     Conj/Summ      0%         N/A       100%        7


Dungeon Overview and Level Annotations

Branches:
Dungeon (4/15)
 Temple: D:4-7

Altars:
Dithmenos
Nemelex Xobeh

Shops:
D:2 *?([:


Innate Abilities, Weirdness & Mutations

You are completely covered in rugged brown scales. (AC +3, +7% HP)
You have supernaturally acute eyesight. (SInv)
Armour fits poorly on your strangely shaped body.
You can roll at nearby foes to attack.
You have a long armoured tail.


Message History

You closely miss the killer bee.
The killer bee is lightly wounded.
The killer bee stings you.
* * * LOW HITPOINT WARNING * * *
The killer bee stings you but does no damage.
You feel better. The killer bee closely misses you.
The killer bee stings you but does no damage.
Okay, then.
a - a +1 mace (weapon)
The killer bee stings you.
* * * LOW HITPOINT WARNING * * *
Unknown command.
You miss the killer bee.
Your tail-slap misses the killer bee.
The killer bee is lightly wounded.
The killer bee stings you.
* * * LOW HITPOINT WARNING * * *
The killer bee stings you but does no damage.
You miss the killer bee.
The killer bee is lightly wounded.
The killer bee stings you.
* * * LOW HITPOINT WARNING * * *
The killer bee barely misses you. x2
You hit the killer bee.
Your tail-slap misses the killer bee.
The killer bee is moderately wounded.
The killer bee barely misses you. x2
You closely miss the killer bee. You tail-slap the killer bee!
The killer bee is severely wounded.
The killer bee stings you!
* * * LOW HITPOINT WARNING * * *
The killer bee stings you but does no damage.
You hit the killer bee.
Your tail-slap misses the killer bee.
The killer bee is severely wounded.
The killer bee stings you but does no damage.
The killer bee stings you!
* * * LOW HITPOINT WARNING * * *
The killer bee closely misses you.
You barely miss the killer bee.
The killer bee is severely wounded.
The killer bee stings you.
You die...

....###.#....#.## ...
.##...#.#.#.#.#.###...
.##..#.#.#.#.#.#.y..
......#.#.#.#.#.#y.
..#..#.#.#.#.#.#y#
..#...#.#.#.#.#.## .
####.#.#.#.#y#.# .
#.#.#.#.#.#y##
##.#.#.#.#.#@#
#.#.#.#.#.#!##
##.#.#.#.#.#..
.#.#.#.#.# ## .#.#.#.#
###.## #


You could see 2 killer bees.

Vanquished Creatures
  A scorpion (D:4)
  A killer bee (D:4)
  A centaur skeleton (D:4)
  Ijyb (D:3)
  An orc wizard (D:3)
  6 adders
  6 dart slugs
  5 orcs
  5 ball pythons
  3 bats
  11 endoplasms
  4 giant cockroaches
  5 hobgoblins
  4 jackals (D:2)
  3 quokkas
  2 frilled lizards (D:1)
  3 goblins
  8 rats
70 creatures vanquished.

Notes
Turn   | Place    | Note
-------+----------+-------------------------------------------
     0 | Abyss:1  | DogServant the Palentonga Abyssal Knight began the quest
                  | for the Orb.
     0 | Abyss:1  | Reached XP level 1. HP: 19/19 MP: 2/2
    18 | Abyss:1  | Found a corrupted altar of Lugonu.
    74 | Abyss:1  | Found a corrupted altar of Lugonu.
   122 | Abyss:1  | Noticed a starcursed mass
   124 | D:1      | Escaped the Abyss
   356 | D:1      | Reached XP level 2. HP: 25/25 MP: 3/3
   392 | D:1      | Reached * piety under Lugonu
   692 | D:1      | Reached XP level 3. HP: 28/31 MP: 4/4
   846 | D:2      | Found Qeijiuf's Magic Scroll Boutique.
   847 | D:2      | Found Raeg's Weapon Emporium.
   908 | D:2      | Found Natojud's Antique Armour Shop.
   994 | D:2      | Reached XP level 4. HP: 39/39 MP: 6/6
  1000 | D:2      | Reached ** piety under Lugonu
  1012 | D:2      | Reached skill level 4 in Fighting
  1162 | D:2      | Found a shadowy altar of Dithmenos.
  1172 | D:2      | Found Moep's Book Boutique.
  1306 | D:2      | Identified Keisch's Handbook of Slime
  1470 | D:2      | Found Hejol's Assorted Antiques.
  1476 | D:2      | Bought a scroll labelled MOCLEKK ROKK for 20 gold pieces
  1476 | D:2      | Bought a scroll labelled DAURCH QAESED for 20 gold pieces
  1730 | D:3      | Found a sparkling altar of Nemelex Xobeh.
  1805 | D:3      | Reached XP level 5. HP: 29/46 MP: 7/7
  1984 | D:3      | Noticed Ijyb
  1985 | D:3      | Paralysed by Ijyb for 5 turns
  2003 | D:3      | Paralysed by Ijyb for 5 turns
  2026 | D:3      | Killed Ijyb
  2080 | D:3      | Found a shadowy altar of Dithmenos.
  2266 | D:4      | Noticed a necrophage
  2393 | D:4      | Reached skill level 5 in Fighting
  2393 | D:4      | Reached XP level 6. HP: 19/54 MP: 8/8
  2430 | D:4      | Identified a scroll of acquirement
  2430 | D:4      | Acquired a ring of poison resistance
  2467 | D:4      | Slain by a killer bee

Illustrated notes

Levels and vault maps discovered:
D:1:      dpeg_arrival_round_c, layout_rooms, st_stairs_2, minmay_misc_feat_five
D:2:      minmay_evil_eye, layout_loops_ring, serial_shops, nicolae_shop_trees,
          shop_fountains, nicolae_shop_statue_plus, shop, nicolae_shop_crystal,
          basic_altar, corexii_hall_statues_l, minmay_misc_feat_rows
D:3:      layout_basic, nemelex_spade_bored_becter,
          lemuel_coloured_pillars_altar, uniq_ijyb
D:4:      layout_basic, minmay_crystal_room, minmay_misc_feat_iff, minivault_23,
          uniq_blork_the_orc

Skill      XL: |  1  2  3  4  5 |
---------------+----------------+-----
Fighting       | 4 5 |  5.2
Maces & Flails | 3 4 |  4.4
Invocations    | 3 |  3.1
Armour         | |  1.6
Dodging        | |  0.7

Action                   |  1- 3 |  4- 6 || total
-------------------------+-------+-------++-------
Melee: Mace              |    96 |   142 ||   238
       Tailslap          |    10 |    14 ||    24
       Morningstar       |       |    23 ||    23
Invok: Depart the Abyss  |     1 |       ||     1
       Bend Space        |       |     3 ||     3
 Abil: Rolling Charge    |     4 |    13 ||    17
  Use: Potion            |       |     4 ||     4
       Scroll            |       |     1 ||     1
 Stab: Invisible         |       |     1 ||     1
Armor: Ring mail         |    56 |    31 ||    87
       Scale mail        |       |    55 ||    55
Dodge: Dodged            |    48 |    96 ||   144

Table legend: (Time is in decaauts)
 A = Elapsed time spent in this place.
 B = Non-inter-level travel time spent in this place.
 C = Inter-level travel time spent in this place.
 D = Time resting spent in this place.
 E = Time spent auto-exploring this place.
 F = Levels seen in this place.
 G = Mean time per level.
                   A        B        C        D        E       F      G
               +--------+--------+--------+--------+--------+-----+--------+
         Total |   2530 |   2407 |    123 |    134 |   1607 |   5 |  506.0 |
       Dungeon |   2406 |   2283 |    123 |    134 |   1607 |   4 |  601.5 |
         Abyss |    124 |    124 |      0 |      0 |      0 |   1 |  124.0 |
               +--------+--------+--------+--------+--------+-----+--------+

Top non-repeatable levels by time:
     D:2: 776 daAuts
     D:3: 730 daAuts
     D:1: 710 daAuts
     D:4: 188 daAuts
 Abyss:1: 124 daAuts
